 Dungeon Crawl Stone Soup version 0.19-a0-1384-gbb462ca (webtiles) character file.

144 mopl the Cudgeler (level 5, 0/57 HPs)
             Began as an Ogre Wanderer on Sept 3, 2016.
             Killed from afar by an orc wizard (6 damage)
             ... with a puff of flame
             ... on level 3 of the Dungeon.
             The game lasted 00:02:47 (1860 turns).

mopl the Cudgeler (Ogre Wanderer)                   Turns: 1860, Time: 00:02:48

Health: 0/57       AC:  3    Str: 15    XL:     5   Next: 26%
Magic:  5/5        EV:  9    Int:  9    God:
Gold:   22         SH:  0    Dex: 14    Spells: 0 memorised, 4 levels left

rFire  . . .     SeeInvis .     u - +0 flail
rCold  . . .     Gourm    .     d - +0 robe
rNeg   . . .     Faith    .     (no shield)
rPois  .         Spirit   .     (helmet restricted)
rElec  .         Dismiss  .     (no cloak)
rCorr  .         Reflect  .     (gloves unavailable)
MR     .....     Harm     .     (boots unavailable)
Stlth  ++........               (no amulet)
                                (no ring)
                                r - ring of flight

@: no status effects
A: unfitting armour, tough skin 1
a: Evoke Flight


You were on level 3 of the Dungeon.
You were not hungry.

You visited 1 branch of the dungeon, and saw 3 of its levels.

You collected 22 gold pieces.

Inventory:

Hand Weapons
 a - a +2 mace
 u - a +0 flail (weapon)
Missiles
 e - 169 stones (quivered)
 o - 4 javelins
 t - 3 curare-tipped needles
Armour
 d - a +0 robe (worn)
Jewellery
 r - a ring of flight (left hand)
Scrolls
 c - a scroll of teleportation
 g - 2 scrolls of remove curse
 l - a scroll of amnesia {unknown}
 m - a scroll of noise {unknown}
 p - 3 scrolls of identify
 s - a scroll of enchant armour {unknown}
Potions
 b - a potion of curing
 h - a potion of might
 j - a potion of agility
 k - a potion of berserk rage {!q}
 q - a potion of flight {unknown}
Comestibles
 f - 4 bread rations
 i - a royal jelly
 n - 2 fruits


   Skills:
 + Level 5.3 Fighting
 * Level 6.8 Maces & Flails
 - Level 1.0 Dodging
 - Level 1.5 Stealth
   Level 1.0 Shields


You had 4 spell levels left.
You didn't know any spells.

Dungeon Overview and Level Annotations

Branches:
Dungeon (3/15)

Altars:
Qazlal


Innate Abilities, Weirdness & Mutations

You are too large for most types of armour.
You have tough skin. (AC +1)


Message History

You closely miss the orc wizard.
The orc wizard is heavily wounded.
The orc wizard gestures at you while chanting.
The puff of flame hits you!
* * * LOW HITPOINT WARNING * * *
The orc wizard hits you with a dagger.
* * * LOW HITPOINT WARNING * * *
The orc barely misses you.
You hit the orc wizard.
The orc wizard is severely wounded.
The orc wizard barely misses you. The orc hits you with a dagger.
* * * LOW HITPOINT WARNING * * *
The orc wizard hits you with a dagger.
* * * LOW HITPOINT WARNING * * *
Unknown command.
You closely miss the orc wizard.
The orc wizard is severely wounded.
The orc wizard points at you and mumbles some strange words.
The puff of flame hits you!
You die...

... ####.# #....
#....#
#....###.##.#
#...........#
#.###.#..##.##
#.#..#...#
#.#......#
#.###)##o#.#.#.#
#......o@..†...#
######.###.#.#.#
#.. ..#...
####### ###


You could see an orc wizard and an orc.

Vanquished Creatures
  An orc wizard (D:3)
  An orc priest (D:3)
  Terence (D:3)
  3 worms (D:2)
  A dart slug (D:1)
  A giant gecko (D:2)
  An orc (D:3)
  3 giant cockroaches (D:1)
  4 hobgoblins
  4 jackals
  7 kobolds
  A ball python (D:3)
  8 bats
  3 giant newts
  5 goblins
  5 rats
49 creatures vanquished.

Notes
Turn   | Place    | Note
-------+----------+-------------------------------------------
     0 | D:1      | mopl the Ogre Wanderer began the quest for the Orb.
     0 | D:1      | mopl set off with: a +2 mace, a potion of curing, a scroll of teleportation, a +0 robe, a +0 dagger, a bread ration
     0 | D:1      | Reached XP level 1. HP: 24/24 MP: 1/1
    31 | D:1      | Reached XP level 2. HP: 32/32 MP: 2/2
   257 | D:1      | Reached skill level 5 in Maces & Flails
   260 | D:1      | Reached XP level 3. HP: 38/40 MP: 3/3
   795 | D:2      | Found a stormy altar of Qazlal.
  1188 | D:3      | Noticed Terence
  1572 | D:3      | Killed Terence
  1572 | D:3      | Reached skill level 6 in Maces & Flails
  1572 | D:3      | Reached XP level 4. HP: 17/49 MP: 4/4
  1845 | D:3      | Reached skill level 5 in Fighting
  1849 | D:3      | Reached XP level 5. HP: 32/57 MP: 5/5
  1860 | D:3      | Killed from afar by an orc wizard

Vault maps used:
D:1:      dpeg_arrival_simpleton_a
D:2:      grunt_qazlal_sundering
D:3:      first_bread, uniq_terence, uniq_natasha

Skill      XL: |  1  2  3  4 |
---------------+-------------+-----
Maces & Flails | 5 6 |  6.8
Fighting       | 5 |  5.3
Dodging        | |  1.0
Stealth        | |  1.5
Shields        | |  1.0

Action                   |  1- 3 |  4- 6 || total
-------------------------+-------+-------++-------
Melee: Mace              |   139 |       ||   139
       Flail             |       |    29 ||    29
  Use: Scroll            |     4 |       ||     4
 Stab: Sleeping          |     2 |     1 ||     3
  Eat: Chunk             |     2 |     1 ||     3
Armor: Robe              |    50 |     8 ||    58
Dodge: Dodged            |    88 |    12 ||   100
